 Dungeon Crawl Stone Soup version 0.18-a0-1637-g109f206 (webtiles) character file.

242 namelastname112 the Ducker (level 6, 0/37 HPs)
             Began as a Tengu Wanderer on Mar 26, 2016.
             Slain by a centaur skeleton (5 damage)
             ... on level 4 of the Dungeon.
             The game lasted 00:06:53 (5817 turns).

namelastname112 the Ducker (Tengu Wanderer)         Turns: 5817, Time: 00:06:54

Health: 0/37       AC:  3    Str: 11    XL:     6   Next: 9%
Magic:  20/20      EV: 15    Int: 15    God:
Gold:   219        SH:  0    Dex: 14    Spells: 0 memorised, 10 levels left

rFire  . . .     SeeInvis .     v - +0 dagger (venom)
rCold  . . .     Gourm    .     c - +0 leather armour (curse)
rNeg   . . .     Faith    .     (no shield)
rPois  .         Spirit   .     (helmet restricted)
rElec  .         Dismiss  .     (no cloak)
rCorr  .         Reflect  .     (no gloves)
SustAt .         Harm     .     (boots unavailable)
MR     .....                    (no amulet)
Stlth  ++........               (no ring)
                                B - ring of magical power

@: flying quickly and evasively (expiring), quick, not resistant to hostile
enchantments, unstealthy
A: beak, talons 3, able to fly 1
a: no special abilities


You were on level 4 of the Dungeon.
You were hungry.

You visited 1 branch of the dungeon, and saw 4 of its levels.

You collected 219 gold pieces.

Inventory:

Hand Weapons
 v - a +0 dagger of venom (weapon)
Armour
 c - a cursed +0 leather armour (worn)
Jewellery
 B - a ring of magical power (left hand)
Scrolls
 g - 2 scrolls of remove curse {unknown}
 h - 9 scrolls of identify {unknown}
 i - 4 scrolls of teleportation {unknown}
 j - a scroll of enchant weapon {unknown}
 l - 3 scrolls of fog {unknown}
 m - a scroll of enchant armour {unknown}
 q - a scroll of immolation {unknown}
 t - a scroll of fear {unknown}
 u - a scroll of random uselessness {unknown}
 y - a scroll of noise {unknown}
Potions
 b - a potion of haste
 e - 2 potions of resistance {unknown}
 k - a potion of ambrosia {unknown}
 n - a potion of mutation {unknown}
 p - 4 potions of heal wounds {unknown}
 r - a potion of cancellation {unknown}
 s - 2 potions of might {unknown}
 w - 2 potions of curing
 x - a potion of agility {unknown}
 A - 2 potions of flight {unknown}
 C - a potion of degeneration {unknown}
Comestibles
 a - 2 meat rations
 d - 4 fruits
 f - 4 bread rations
 o - a beef jerky


   Skills:
 + Level 3.4 Fighting
 - Level 1.1 Short Blades
 - Level 1.0 Throwing
 + Level 2.1 Armour
 + Level 3.8 Dodging
 - Level 2.0 Stealth
 + Level 2.6 Spellcasting
   Level 2.4 Summonings


You had 10 spell levels left.
You didn't know any spells.

Dungeon Overview and Level Annotations

Branches:
Dungeon (4/15)
 Temple: D:4-7

Altars:


Innate Abilities, Weirdness & Mutations

You have a beak for a mouth.
You have claws for feet.
You can fly.


Message History

You hit the centaur skeleton. You claw the centaur skeleton.
The centaur skeleton hits you!
You hit the centaur skeleton but do no damage.
The centaur skeleton hits you. x2
* * * LOW HITPOINT WARNING * * *
You are too injured to fight recklessly!
You are too injured to fight recklessly!
The centaur skeleton hits you.
* * * LOW HITPOINT WARNING * * *
You swoop lightly up into the air.
You feel very comfortable in the air.
You feel somewhat more hungry. The centaur skeleton misses you.
The centaur skeleton hits you.
* * * LOW HITPOINT WARNING * * *
The centaur skeleton barely misses you.
You are feeling hungry.
The centaur skeleton misses you. The centaur skeleton barely misses you.
You are starting to lose your buoyancy.
The centaur skeleton hits you.
You die...

..##.........#####
..##.<.......'...#
####)))......###.#
)..(.>######## #.#
.###### #.# .# #.#
.# #.# .########
#.# ........# #@#
........# #Z#
........# #.#
........# #.#
........# #.#
........# #.#
#######.# #.# #.#
#.# #.# #.#


You could see a centaur skeleton.

Vanquished Creatures
  Ijyb (D:2)
  Robin (D:4)
  5 adders
  3 gnolls (D:3)
  An ooze (D:1)
  2 worms
  2 dart slugs
  5 giant geckos
  6 orcs
  4 ball pythons
  4 bats
  2 giant cockroaches
  13 hobgoblins
  5 jackals
  A quokka (D:3)
  5 giant newts
  20 goblins
  7 kobolds
  25 rats
112 creatures vanquished.

Notes
Turn   | Place    | Note
--------------------------------------------------------------
     0 | D:1      | namelastname112 the Tengu Wanderer began the quest for the Orb.
     0 | D:1      | namelastname112 set off with: a +2 dagger, a potion of haste, a potion of curing, a +0 short sword, a +0 robe, a bread ration
     0 | D:1      | Reached XP level 1. HP: 12/12 MP: 3/3
   347 | D:1      | Reached XP level 2. HP: 15/17 MP: 5/5
  1061 | D:1      | Reached XP level 3. HP: 22/22 MP: 6/6
  1660 | D:2      | Reached XP level 4. HP: 15/27 MP: 7/7
  2272 | D:2      | Noticed Ijyb
  2291 | D:2      | Killed Ijyb
  2650 | D:2      | Gained mutation: You can fly. [Tengu growth]
  2650 | D:2      | Reached XP level 5. HP: 32/32 MP: 9/9
  3081 | D:2      | Reached skill level 1 in Armour
  4788 | D:4      | Noticed Robin
  5386 | D:4      | Reached XP level 6. HP: 9/37 MP: 10/10
  5707 | D:4      | Killed Robin
  5817 | D:4      | Slain by a centaur skeleton

Vault maps used:
D:1:      lemuel_arrival_tunnels, st_stairs_10, minivault_5
D:2:      kennysheep_the_goblin_king, minmay_misc_feat_ornament,
          minmay_tree_intersection
D:3:      minmay_rat_hole, uniq_iyjb
D:4:      serial_shops, shop, first_bread, sigmund_edmund_badplayer, uniq_robin

Skill      XL: |  1  2  3  4  5 |
---------------+----------------+-----
Dodging        | 2 3 |  3.8
Spellcasting   | 2 |  2.6
Fighting       | 3 |  3.4
Armour         | 2 |  2.1
Short Blades   | |  1.1
Throwing       | |  1.0
Stealth        | |  2.0
Summonings     | |  2.4

Action                   |  1- 3 |  4- 6 || total
-------------------------+-------+-------++-------
Melee: Dagger            |    94 |   215 ||   309
 Abil: Fly               |       |     5 ||     5
  Use: Potion            |     1 |     1 ||     2
 Stab: Sleeping          |     2 |     8 ||    10
       Distracted        |       |     1 ||     1
  Eat: Chunk             |     2 |    12 ||    14
       Fruit             |       |     2 ||     2
